 Dungeon Crawl Stone Soup version 0.24.1-4-ge52af88ad5 (webtiles) character file.

Game seed: 4118466672974159476, levelgen mode: deterministic

617748 Peloso the Minotaur Barricade (level 26, -31/239 HPs)
             Began as a Minotaur Fighter on Apr 16, 2020.
             Was the Champion of Okawaru.
             Killed from afar by a purple draconian scorcher (51 damage)
             ... with damnation
             ... on level 1 of the Realm of Zot on Apr 17, 2020.
             The game lasted 04:19:00 (78814 turns).

Peloso the Minotaur Barricade (Minotaur Fighter)   Turns: 78814, Time: 04:19:01

Health: -31/239    AC: 49    Str: 37    XL:     26   Next: 94%
Magic:  26/27      EV: 16    Int:  8    God:    Okawaru [******]
Gold:   7207       SH: 40    Dex: 13    Spells: 25/25 levels left

rFire    + + +     SeeInvis +   a - +9 double sword (flame)
rCold    + + .     Gourm    .   c - +5 large shield of Misanthropy {rCorr Str+4}
rNeg     + . .     Faith    .   d - +12 gold dragon scales
rPois    +         Spirit   .   M - +2 hat
rElec    +         Reflect  +   y - scarf {cloud immunity}
rCorr    +         Harm     .   W - +2 pair of gloves {Str+3}
MR       +++..     Rnd*Tele +   Y - +2 pair of boots {run}
Stlth    ..........             N - +6 amulet of reflection
HPRegen  0.49/turn              Q - ring of Darkness {+Blink rN+ SInv}
MPRegen  0.20/turn              h - ring "Lokhu" {*Corrode +Fly rF+ MR++ Int+3}

@: resistant, heroism, quick
A: retaliatory headbutt, horns 2, frail 1, teleportitis 1, no potion heal 1,
subdued magic 1
}: 3/15 runes: decaying, silver, gossamer
a: Heroism, Finesse, Renounce Religion, Evoke Blink, Evoke Flight


You were on level 1 of the Realm of Zot.
You worshipped Okawaru.
Okawaru was exalted by your worship.
You were hungry.

You visited 11 branches of the dungeon, and saw 49 of its levels.
You visited the Abyss 1 time.
You also visited: Trove, Ice Cave, Wizlab and Desolation.

You collected 8647 gold pieces.
You spent 1440 gold pieces at shops.

Inventory:

Hand Weapons
 a - a +9 double sword of flaming (weapon)
 n - a +2 demon blade of freezing
 I - a +2 double sword of slicing
 T - the +6 demon blade "Jyneel" {flame, *Rage rPois rN+++ MR-}
   (Okawaru gifted it to you on level 5 of the Vaults)

   It has been specially enchanted to burn those struck by it, causing extra
   injury to most foes and up to half again as much damage against particularly
   susceptible opponents.
   Big, fiery blades are also staple armaments of hydra-hunters.
   It protects you from poison.
   It renders you almost immune to negative energy.
   It affects your resistance to hostile enchantments.
   It may make you go berserk in combat.
Armour
 c - the +5 large shield of Misanthropy (worn) {rCorr Str+4}
   (Okawaru gifted it to you on level 6 of the Lair of Beasts)

   It affects your strength (+4).
   It provides partial protection from all sources of acid and corrosion.
 d - +12 gold dragon scales (worn)
 u - quicksilver dragon scales
 y - a scarf of cloud immunity (worn)
 M - a +2 hat (worn)
 W - a +2 pair of gloves of strength (worn)
 Y - a +2 pair of boots of running (worn)
Jewellery
 b - an uncursed amulet of the gourmand
 h - the ring "Lokhu" (right hand) {*Corrode +Fly rF+ MR++ Int+3}
   (You found it in the Desolation of Salt)

   [ring of flight]

   It affects your intelligence (+3).
   It protects you from fire.
   It affects your resistance to hostile enchantments.
   It lets you fly.
   It may corrode you when you take damage.
 A - an amulet of Yendor {Faith Str+3 Int+5 SInv}
   (You acquired it on level 3 of the Crypt)

   [amulet of faith]

   It allows you to gain divine favour quickly.
   It affects your strength (+3).
   It affects your intelligence (+5).
   It lets you see invisible.
 C - an uncursed ring of protection from fire
 D - a +3 ring of intelligence
 N - a +6 amulet of reflection (around neck)
 O - an uncursed ring of magical power
 Q - the ring of Darkness (left hand) {+Blink rN+ SInv}
   (You bought it in a shop on level 2 of the Orcish Mines)

   [ring of see invisible]

   It protects you from negative energy.
   It lets you see invisible.
   It lets you blink.
Wands
 s - a wand of paralysis (16)
 t - a wand of random effects (24)
 G - a wand of polymorph (11)
Scrolls
 g - a scroll of amnesia
 k - a scroll of enchant weapon
 o - a scroll of fog
 p - 10 scrolls of identify
 q - a scroll of fear
 r - a scroll of enchant armour
 w - 21 scrolls of remove curse
 z - 14 scrolls of magic mapping
 B - 13 scrolls of teleportation
 J - 3 scrolls of blinking
 P - 3 scrolls of noise
Potions
 e - 3 potions of berserk rage
 i - 9 potions of haste
 j - 5 potions of resistance
 l - 8 potions of might
 m - a potion of heal wounds
 v - a potion of flight
 x - 3 potions of mutation
 F - a potion of brilliance
 H - 11 potions of curing
 K - a potion of cancellation
 X - 7 potions of agility
Miscellaneous
 E - a lamp of fire
Comestibles
 f - 86 rations
 L - 10 chunks of flesh


   Skills:
 O Level 27 Fighting
   Level 1.9(22.5) Short Blades
 O Level 27 Long Blades
 + Level 24.1(27) Armour
 + Level 8.5(13.5) Dodging
 + Level 4.0(9.0) Stealth
 O Level 27 Shields
 + Level 7.2 Invocations
 + Level 2.7 Evocations


You had 25 spell levels left.
You didn't know any spells.
Your spell library contained the following spells:

 Spells                   Type           Power        Failure   Level  Hunger
 Animate Skeleton         Necr           N/A          83%         1    ##.....
 Apportation              Tloc           #.....       83%         1    ##.....
 Beastly Appendage        Tmut           #.....       83%         1    ##.....
 Confusing Touch          Hex            #.....       83%         1    ##.....
 Corona                   Hex            #......      83%         1    ##.....
 Flame Tongue             Conj/Fire      #....        83%         1    ##.....
 Magic Dart               Conj           #...         83%         1    ##.....
 Sandblast                Erth           #.....       83%         1    ##.....
 Shock                    Conj/Air       #...         83%         1    ##.....
 Sting                    Conj/Pois      #...         83%         1    ##.....
 Summon Butterflies       Summ           #.......     83%         1    ##.....
 Summon Small Mammal      Summ           #...         83%         1    ##.....
 Blink                    Tloc           N/A          93%         2    ###....
 Ensorcelled Hibernation  Hex/Ice        #.....       93%         2    ###....
 Passwall                 Tmut/Erth      #.......     93%         2    ###....
 Poisonous Vapours        Pois/Air       #.....       93%         2    ###....
 Searing Ray              Conj           #.....       93%         2    ###....
 Shroud of Golubria       Chrm/Tloc      #.....       93%         2    ###....
 Song of Slaying          Chrm           #.......     93%         2    ###....
 Sticks to Snakes         Tmut           #.......     93%         2    ###....
 Sublimation of Blood     Necr           #.........   93%         2    ###....
 Swiftness                Chrm/Air       #.......     93%         2    ###....
 Throw Flame              Conj/Fire      #.....       93%         2    ###....
 Throw Frost              Conj/Ice       #.....       93%         2    ###....
 Confuse                  Hex            #.......     99%         3    ####...
 Conjure Flame            Conj/Fire      #.......     99%         3    ####...
 Dazzling Spray           Conj/Hex       #.....       99%         3    ####...
 Gell's Gravitas          Tloc           #.........   99%         3    ####...
 Ignite Poison            Fire/Tmut/Pois #.......     99%         3    ####...
 Lesser Beckoning         Tloc           #.........   99%         3    ####...
 Mephitic Cloud           Conj/Pois/Air  #.......     99%         3    ####...
 Ozocubu's Armour         Chrm/Ice       #.......     99%         3    ####...
 Recall                   Summ/Tloc      N/A          99%         3    ####...
 Regeneration             Chrm/Necr      #.........   99%         3    ####...
 Spectral Weapon          Hex/Chrm       #.......     99%         3    ####...
 Spider Form              Tmut/Pois      #.........   99%         3    ####...
 Static Discharge         Conj/Air       #.......     99%         3    ####...
 Stone Arrow              Conj/Erth      #.....       99%         3    ####...
 Teleport Other           Tloc           #.......     99%         3    ####...
 Tukima's Dance           Hex            #.......     99%         3    ####...
 Vampiric Draining        Necr           #.........   99%         3    ####...
 Airstrike                Air            #.........   100%        4    #####..
 Animate Dead             Necr           N/A          100%        4    #####..
 Cause Fear               Hex            #.........   100%        4    #####..
 Force Lance              Conj/Tloc      #.......     100%        4    #####..
 Fulminant Prism          Conj/Hex       #.........   100%        4    #####..
 Ice Form                 Ice/Tmut       #.......     100%        4    #####..
 Iskenderun's Mystic Bla  Conj           #.......     100%        4    #####..
 Leda's Liquefaction      Hex/Erth       #.........   100%        4    #####..
 Olgreb's Toxic Radiance  Pois           #.......     100%        4    #####..
 Passage of Golubria      Tloc           N/A          100%        4    #####..
 Petrify                  Tmut/Erth      #.......     100%        4    #####..
 Summon Ice Beast         Ice/Summ       #.......     100%        4    #####..
 Summon Lightning Spire   Summ/Air       #.......     100%        4    #####..
 Agony                    Necr           #.......     100%        5    ######.
 Alistair's Intoxication  Tmut/Pois      #.......     100%        5    ######.
 Blade Hands              Tmut           #.........   100%        5    ######.
 Bolt of Draining         Conj/Necr      #.........   100%        5    ######.
 Bolt of Magma            Conj/Fire/Erth #.........   100%        5    ######.
 Borgnjor's Vile Clutch   Necr/Erth      #.........   100%        5    ######.
 Excruciating Wounds      Chrm/Necr      #.........   100%        5    ######.
 Irradiate                Conj/Tmut      #.........   100%        5    ######.
 Iskenderun's Battlesphe  Conj/Chrm      #.......     100%        5    ######.
 Lee's Rapid Deconstruct  Erth           #.........   100%        5    ######.
 Lightning Bolt           Conj/Air       #.........   100%        5    ######.
 Metabolic Englaciation   Hex/Ice        #.........   100%        5    ######.
 Silence                  Hex/Air        #.........   100%        5    ######.
 Summon Mana Viper        Hex/Summ       #.......     100%        5    ######.
 Venom Bolt               Conj/Pois      #.........   100%        5    ######.
 Yara's Violent Unravell  Hex/Tmut       #.........   100%        5    ######.
 Bolt of Fire             Conj/Fire      #.........   100%        6    #######
 Conjure Ball Lightning   Conj/Air       #.........   100%        6    #######
 Darkness                 Hex            #.........   100%        6    #######
 Death Channel            Necr           #.........   100%        6    #######
 Deflect Missiles         Chrm/Air       #.........   100%        6    #######
 Freezing Cloud           Conj/Ice/Air   #.........   100%        6    #######
 Hydra Form               Tmut           #.........   100%        6    #######
 Invisibility             Hex            #.......     100%        6    #######
 Iron Shot                Conj/Erth      #.........   100%        6    #######
 Ozocubu's Refrigeration  Ice            #.........   100%        6    #######
 Shadow Creatures         Summ           N/A          100%        6    #######
 Simulacrum               Ice/Necr       #.........   100%        6    #######
 Statue Form              Tmut/Erth      #........    100%        6    #######
 Dragon Form              Tmut           #.........   100%        7    #######
 Haunt                    Necr/Summ      #.........   100%        7    #######
 Malign Gateway           Summ/Tloc      #.........   100%        7    #######
 Monstrous Menagerie      Summ           #.........   100%        7    #######
 Orb of Destruction       Conj           #.........   100%        7    #######
 Ring of Flames           Chrm/Fire      #.........   100%        7    #######
 Spellforged Servitor     Conj/Summ      #.........   100%        7    #######
 Summon Greater Demon     Summ           #.........   100%        7    #######
 Summon Horrible Things   Summ           #.........   100%        8    #######
 Shatter                  Erth           #.........   100%        9    #######
 Tornado                  Air            #.........   100%        9    #######


Dungeon Overview and Level Annotations

Branches:
Dungeon (15/15)            Temple (0/1) D:7            Lair (6/6) D:10
  Swamp (4/4) Lair:2       Spider (4/4) Lair:4        Slime (0/5) Lair:6
    Orc (2/2) D:10            Elf (3/3) Orc:2        Vaults (5/5) D:14
  Crypt (3/3) Vaults:3       Tomb (0/3) Crypt:3      Depths (5/5) D:15
   Hell (visited)             Zot (1/5) Depths:5      IceCv (visited)
 WizLab (visited)         Desolation (visited)
    Dis: Hell:1         Geh: Hell:1         Coc: Hell:1         Tar: Hell:1

Altars:
Ashenzari
Gozag
Hepliaklqana
Kikubaaqudgha
Makhleb
Okawaru
Qazlal
Ru
Sif Muna
Trog
Uskayaw
Vehumet
Xom
Yredelemnul
The Shining One
Jiyva

Shops:
D:5 ?   Orc:1 ?   Orc:2 *=*!=   Elf:1 :   Elf:3 =:}=   Vaults:1 (   Vaults:4 (
Vaults:5 :   Depths:3 :

Portals:
Hell: Depths:1 Depths:2 Depths:3 Depths:4 Depths:5
Abyss: Depths:2 Depths:4 Depths:5
Pandemonium: Depths:1 Depths:3 Depths:5
Ziggurat: Depths:2

Annotations:
D:10 2 transporters, Iqifuzag's ghost, novice OpTm
Depths:3 3 runed translucent doors, Kiocad's ghost, veteran NaFi


Innate Abilities, Weirdness & Mutations

You reflexively headbutt those who attack you in melee.
You have a pair of horns on your head.
You are frail. (-10% HP)
You are occasionally teleported next to monsters.
Potions are less effective at restoring your health.
Your spells are a little easier to cast, but a little less powerful.


Message History

You feel much better.
You block the green draconian annihilator's attack. x2
You block the purple draconian scorcher's attack.
You feel protected.
The green draconian annihilator points at you and mumbles some strange words.
The iron shot misses you.
The iron shot hits the purple draconian scorcher!!!
The purple draconian scorcher hits you but does no damage.
You slash the green draconian annihilator!
You burn the green draconian annihilator.
You kill the green draconian annihilator!
Okawaru accepts your kill.
The purple draconian scorcher points at you and mumbles some strange words.
The sphere of damnation explodes!
The damnation engulfs you!
* * * LOW HITPOINT WARNING * * *
Things that are here:
a +0 dagger; a +0 cloak; a green draconian corpse The purple draconian scorcher gestures at you while chanting.
The sphere of damnation explodes!
The damnation engulfs you!!!
You die...

..# ##...# .)# ##...# #
..#############...###.##
...)))...............#.#.
#####....................
##.................# ###
###.........##....# (.##
##....####...# †..#
##..D####@..## )..#
###.d8.qq))#### ..##
#....†###### .#####d....#
###......).# ##.........#
...........#
..####..z....# ###
#.......#


You could see an electric golem, a black draconian monk, a white draconian and a
purple draconian scorcher.

Vanquished Creatures
  4 ancient liches
  A juggernaut (Depths:4)
  Bai Suzhen (Spider:4)
  Boris (Depths:4)
  A caustic shrike (shapeshifter) (Vaults:5)
  3 caustic shrikes (Depths:2)
  Saint Roka (Depths:4)
  4 golden dragons
  Geryon (Hell)
  Nikola (Elf:2)
  The ghost of yalue the Executioner, an adept MiFi of the Shining One (Crypt:2)
  An electric golem (Zot:1)
  A bone dragon (Crypt:3)
  Jorgrun (Spider:1)
  3 liches
  4 tentacled monstrosities
  2 quicksilver dragons
  8 titans
  A deep elf blademaster (Elf:2)
  An acid blob (Lair:6)
  2 death cobs (Zot:1)
  Frances (Spider:1)
  9 sphinxes
  14 storm dragons
  7 shadow dragons
  Agnes (Elf:1)
  10 thorn hunters
  5 revenants
  7 tengu reavers
  Roxanne (Swamp:4)
  16 fire giants
  19 frost giants
  15 vault wardens
  A draconian knight (Depths:2)
  An imperial myrmidon (Desolation)
  An iron dragon (Vaults:5)
  5 ghost moths (Spider:4)
  An orc warlord (Vaults:4)
  A curse skull (Crypt:3)
  10 deep elf sorcerers
  3 ghouls
  2 reapers
  A cacodemon (Depths:4)
  Louise (Swamp:3)
  A draconian shifter (Depths:5)
  3 deep elf elementalists
  14 very ugly things
  4 emperor scorpions
  4 war gargoyles
  A draconian annihilator (Zot:1)
  5 entropy weavers
  12 ironheart preservers
  2 spriggan defenders
  The ghost of a0bad the Bludgeoner, a journeyman MiFi of Okawaru (Lair:5)
  A caustic shrike skeleton (Depths:2)
  22 stone giants
  11 vampire knights
  5 deep elf demonologists
  2 white draconians (Zot:1)
  Nessos (Lair:4)
  A black draconian (Zot:1)
  12 spark wasps
  A halazid warlock (Desolation)
  4 red draconians
  9 deep elf annihilators (Elf:3)
  13 purple draconians
  15 ettins
  3 blizzard demons
  The ghost of Hoavos the Cleaver, a journeyman FoFi of the Shining One (D:14)
  9 deep elf death magi
  10 crystal guardians
  9 statues (WizLab)
  A quicksilver dragon zombie (Crypt:3)
  A death ooze (Lair:5)
  5 ragged hierophants (Desolation)
  9 deep elf high priests
  9 fire dragons
  14 ogre magi
  22 yaktaur captains
  6 rakshasas
  Harold (Lair:2)
  28 vault guards
  13 great orbs of eyes
  13 jiangshi
  A monstrous demonspawn (Depths:3)
  A catoblepas (D:15)
  22 ice dragons
  8 peacekeepers (Desolation)
  2 shambling mangroves
  9 servants of whispers (Desolation)
  16 hydras
  A ghost crab (Swamp:4)
  6 spriggan air magi
  A hell beast (Depths:3)
  A two-headed ogre (shapeshifter) (Depths:2)
  11 centaur warriors
  18 alligators
  A satyr (shapeshifter) (Vaults:5)
  8 deep troll shamans
  23 dancing weapons
  39 two-headed ogres
  3 death knights
  6 death yaks
  13 deep troll earth magi
  3 tengu warriors
  13 vampire magi
  4 spriggan berserkers
  8 hell knights
  A soul eater (Hell)
  A small abomination (Elf:2)
  Nergalle (D:10)
  Urug (Lair:3)
  A storm dragon zombie (Crypt:3)
  Sonja (Lair:3)
  5 iron trolls (Depths:4)
  23 skeletal warriors
  11 deep elf knights
  2 salamander mystics (Depths:4)
  3 shadow wraiths
  33 deep trolls
  10 swamp dragons
  4 unseen horrors
  2 anaconda zombies
  An orange crystal statue (Depths:3)
  3 flayed ghosts
  A torturous demonspawn (Depths:1)
  A deep troll (shapeshifter) (Elf:1)
  5 glowing orange brains
  4 unseen horrors (shapeshifter)
  9 wizards
  16 ironbrand convokers
  3 spriggan druids
  16 phantasmal warriors
  An anaconda skeleton (Crypt:3)
  7 necromancers
  Pikel (D:7)
  A lindwurm (shapeshifter) (Vaults:1)
  7 deep elf archers
  A harpy (shapeshifter) (Vaults:4)
  14 orc knights
  A fire giant zombie (Crypt:3)
  72 deep elf magi
  40 ugly things
  2 golden dragon skeletons
  2 tengu skeletons (Vaults:3)
  An orb spider (shapeshifter) (Elf:2)
  A wolf spider zombie (D:13)
  20 orb spiders
  3 human zombies
  An iron dragon zombie (Crypt:2)
  An oklob plant (Lair:4)
  4 manticores
  6 orc sorcerers
  A salamander (shapeshifter) (Depths:1)
  9 cyclopes
  28 wolf spiders
  A cyclops (shapeshifter) (Depths:5)
  An elephant (shapeshifter) (Depths:4)
  8 salamanders (Depths:4)
  A faun (shapeshifter) (Vaults:4)
  A dire elephant zombie (Crypt:3)
  4 frost giant skeletons
  4 centaur zombies
  10 black mambas
  9 moths of wrath
  Joseph (D:7)
  2 human skeletons
  9 fire giant skeletons
  13 vault sentinels
  2 guardian serpents (shapeshifter)
  2 guardian serpents (Desolation)
  3 ice statues
  6 elephants
  A stone giant skeleton (Vaults:3)
  A spiny frog (shapeshifter) (Vaults:2)
  3 molten gargoyles (Depths:3)
  5 rust devils
  6 gargoyles
  2 smoke demons (Depths:1)
  19 spiny frogs
  33 yaktaurs
  A kobold demonologist (D:13)
  An efreet (D:15)
  A komodo dragon (shapeshifter) (Vaults:5)
  12 komodo dragons
  10 freezing wraiths
  9 demonic crawlers
  A dire elephant skeleton (Crypt:3)
  2 pale draconian skeletons
  An anaconda simulacrum (IceCv)
  4 yaktaur zombies
  A golden dragon simulacrum (IceCv)
  The ghost of BowlsofSteal the Shield-Bearer, an amateur TrFi (D:5)
  7 ice devils
  A minotaur skeleton (Crypt:1)
  A yaktaur skeleton (Vaults:4)
  7 trolls
  6 red devils
  A wind drake (shapeshifter) (Depths:2)
  3 tengu conjurers
  A merfolk (D:9)
  A queen bee (shapeshifter) (Vaults:3)
  5 tyrant leeches
  21 jumping spiders
  4 polar bears
  A wolf spider simulacrum (IceCv)
  Grinder (D:4)
  42 saltlings
  3 wind drakes (Depths:3)
  27 hornets
  A raiju (shapeshifter) (Depths:4)
  A snapping turtle (shapeshifter) (Vaults:3)
  A spriggan zombie (Hell)
  8 hippogriffs
  18 blink frogs
  14 bog bodies
  A stone giant simulacrum (Vaults:3)
  43 slime creatures
  A blink frog (shapeshifter) (Vaults:3)
  A meliai zombie (D:14)
  43 redbacks
  7 vampires
  5 air elementals
  A redback (shapeshifter) (Depths:5)
  22 spriggans
  A ynoxinul (Abyss:3)
  An ice dragon skeleton (Crypt:3)
  12 fire dragon skeletons (Crypt:3)
  17 water elementals
  11 shadows
  2 dire elephant simulacra (IceCv)
  A tarantella (shapeshifter) (Elf:3)
  18 yaks
  A fire bat (shapeshifter) (Vaults:3)
  10 wraiths
  23 tarantellas
  6 fire elementals
  6 fire bats
  5 wyverns
  26 vampire mosquitoes
  A golden eye (shapeshifter) (Depths:3)
  A yak (shapeshifter) (Elf:3)
  A hog (shapeshifter) (Vaults:4)
  6 hungry ghosts
  2 chaos spawn
  A steam dragon (D:10)
  A black mamba skeleton (Crypt:3)
  A death yak simulacrum (IceCv)
  3 basilisks
  Menkaure (D:7)
  A deep troll zombie (Vaults:4)
  3 harpy simulacra (IceCv)
  A yaktaur simulacrum (Vaults:3)
  2 iron troll simulacra (IceCv)
  6 insubstantial wisps (Swamp:1)
  22 swamp worms
  5 wargs
  A soldier ant (D:13)
  7 acid dragons
  21 water moccasins
  3 hydra simulacra (IceCv)
  A floating eye (Depths:5)
  Duvessa (D:5)
  7 porcupines
  43 orc warriors
  4 sky beasts
  A hornet zombie (D:10)
  4 ice beasts
  14 swamp drakes
  3 eyes of draining
  A black bear (shapeshifter) (D:9)
  An alligator simulacrum (IceCv)
  A spiny frog skeleton (Crypt:2)
  A manticore zombie (Crypt:1)
  3 phantoms
  8 black bears
  3 ettin simulacra (IceCv)
  27 ogres
  11 boggarts
  3 necrophages
  34 wolves
  17 centaurs
  3 big kobolds
  11 crocodiles
  10 earth elementals
  20 bullfrogs
  A draconian zombie (Crypt:2)
  A glowing shapeshifter simulacrum (Vaults:2)
  Dowan (D:5)
  6 scorpions
  2 wyvern skeletons
  An elf simulacrum (Vaults:3)
  14 killer bees
  2 elephant simulacra (IceCv)
  A raiju skeleton (Crypt:1)
  23 wights
  5 electric eels
  2 howler monkeys (D:9)
  14 crimson imps
  6 quasits
  2 bullfrog zombies
  3 draconian simulacra (IceCv)
  6 centaur skeletons
  A human simulacrum (Vaults:1)
  5 jellies
  A bullfrog skeleton (D:9)
  6 hounds
  Crazy Yiuf (D:5)
  A gnoll shaman (Orc:1)
  6 iron imps
  22 orc priests
  20 orc wizards
  Ijyb (D:4)
  Jessica (D:3)
  10 iguanas
  A basilisk skeleton (Crypt:1)
  4 hell rats (Hell)
  16 worker ants
  A polar bear simulacrum (IceCv)
  2 spriggan simulacra (IceCv)
  2 troll simulacra (IceCv)
  A big kobold zombie (Crypt:1)
  3 centaur simulacra (IceCv)
  3 hound skeletons
  2 worker ant zombies
  15 gnolls
  A howler monkey skeleton (D:6)
  21 adders
  2 ogre simulacra (IceCv)
  4 naga simulacra (IceCv)
  5 shadow imps
  5 white imps
  7 ufetubi (IceCv)
  2 adder zombies
  An adder skeleton (D:9)
  4 worms
  A dart slug (D:3)
  7 leopard geckos
  111 orcs
  2 ball pythons (D:5)
  13 bats
  7 giant cockroaches
  7 goblins
  5 hobgoblins
  6 jackals
  3 quokkas
  3 frilled lizards
  A giant cockroach zombie (D:6)
  A hobgoblin skeleton (Crypt:2)
  12 kobolds
  2 leopard gecko skeletons
  4 rats
  3 briar patches
  2 crawling corpses (Depths:5)
  2 fire vortices (Depths:3)
  2 fungi (Lair:1)
  7 plants
2493 creatures vanquished.

Vanquished Creatures (others)
  2 deep elf master archers (Elf:3)
  A lich (Depths:2)
  2 stone giants
  A draconian annihilator (Zot:1)
  A deep elf death mage (Crypt:2)
  A great orb of eyes (Depths:5)
  6 yaktaur captains
  4 centaur warriors
  A dancing weapon (Elf:2)
  An alligator (Swamp:2)
  3 deep elf knights
  An orc knight (Orc:2)
  A wizard (Vaults:2)
  3 deep elf archers
  2 cyclopes
  4 deep elf magi
  14 yaktaurs
  2 hornets
  A jumping spider (Spider:2)
  A swamp worm (Swamp:4)
  9 orc warriors
  14 centaurs
  A white imp (IceCv)
  2 ufetubi (IceCv)
  7 orcs
  5 briar patches
  2 butterflies (D:8)
  A fire vortex (Depths:3)
  5 fungi
  2 plants (Lair:6)
  2 withered plants (Crypt:3)
102 creatures vanquished.

Grand Total: 2595 creatures vanquished

Notes
Turn   | Place    | Note
-------+----------+-------------------------------------------
     0 | D:1      | Peloso the Minotaur Fighter began the quest for the Orb.
     0 | D:1      | Reached XP level 1. HP: 19/19 MP: 0/0
   382 | D:1      | Reached XP level 2. HP: 27/27 MP: 1/1
   982 | D:2      | Reached XP level 3. HP: 33/33 MP: 2/2
  1528 | D:2      | Found a bloodstained altar of Trog.
  1691 | D:3      | Noticed Jessica
  1695 | D:3      | Killed Jessica
  1695 | D:3      | Reached XP level 4. HP: 39/40 MP: 3/3
  2060 | D:3      | Reached XP level 5. HP: 26/46 MP: 4/4
  2488 | D:4      | Reached skill level 5 in Shields
  2506 | D:4      | Reached skill level 1 in Dodging
  2511 | D:4      | Reached XP level 6. HP: 50/53 MP: 5/5
  2550 | D:4      | Noticed Grinder
  2566 | D:4      | Killed Grinder
  2566 | D:4      | Reached skill level 5 in Long Blades
  2651 | D:4      | Reached skill level 5 in Fighting
  2808 | D:4      | Noticed Ijyb
  2817 | D:4      | Killed Ijyb
  2817 | D:4      | Reached XP level 7. HP: 61/61 MP: 6/6
  2821 | D:4      | Reached skill level 1 in Stealth
  3218 | D:5      | Entered Level 5 of the Dungeon
  3218 | D:5      | Noticed Duvessa
  3218 | D:5      | Noticed Dowan
  3223 | D:5      | Killed Duvessa
  3227 | D:5      | Killed Dowan
  3227 | D:5      | Reached skill level 5 in Armour
  3330 | D:5      | Found a sacrificial altar of Ru.
  3341 | D:5      | Found a shattered altar of Ashenzari.
  3353 | D:5      | Found a transporter.
  3353 | D:5      | Noticed BowlsofSteal's ghost (amateur TrFi)
  3415 | D:5      | Reached XP level 8. HP: 69/69 MP: 7/7
  3460 | D:5      | Found an iron altar of Okawaru.
  3508 | D:5      | Became a worshipper of Warmaster Okawaru
  3668 | D:5      | Found a transporter.
  3701 | D:5      | Found a hide-covered altar of Uskayaw.
  3707 | D:5      | Found a hazy altar of Hepliaklqana.
  4004 | D:5      | Found Onnicwoh's Magic Scroll Emporium.
  4046 | D:5      | Bought a scroll of magic mapping for 49 gold pieces
  4046 | D:5      | Bought a scroll of magic mapping for 49 gold pieces
  4046 | D:5      | Bought a scroll of enchant armour for 105 gold pieces
  4046 | D:5      | Bought a scroll of remove curse for 42 gold pieces
  4046 | D:5      | Bought a scroll of identify for 28 gold pieces
  4213 | D:5      | Found a runed translucent door.
  4214 | D:5      | Noticed Crazy Yiuf
  4220 | D:5      | Killed Crazy Yiuf
  4730 | D:6      | Reached * piety under Okawaru
  4769 | D:6      | Reached XP level 9. HP: 63/75 MP: 8/8
  5069 | D:7      | Found a staircase to the Ecumenical Temple.
  5116 | D:7      | Noticed Joseph
  5139 | D:7      | Killed Joseph
  5139 | D:7      | Reached ** piety under Okawaru
  5695 | D:7      | Found a shimmering blue altar of Sif Muna.
  5980 | D:7      | Noticed Menkaure
  5984 | D:7      | Killed Menkaure
  6223 | D:8      | Noticed Pikel
  6251 | D:7      | Killed Pikel
  6251 | D:7      | Reached *** piety under Okawaru
  6251 | D:7      | Reached skill level 10 in Shields
  6456 | D:8      | Found a shimmering altar of Xom.
  6566 | D:8      | Reached XP level 10. HP: 73/84 MP: 9/9
  6624 | D:8      | Reached skill level 10 in Long Blades
  7038 | D:8      | Found a glowing golden altar of the Shining One.
  7181 | D:9      | Received a gift from Okawaru
  7595 | D:9      | Noticed a centaur warrior
  7617 | D:9      | Killed a centaur warrior
  7617 | D:9      | Reached **** piety under Okawaru
  7654 | D:9      | Identified the Incunabulum of the Stoat
  7665 | D:9      | Got a pitted marble ring
  7668 | D:9      | Identified the ring of the Final Curses {Fire Stlth+} (You
                  | found it on level 9 of the Dungeon)
  8018 | D:9      | Reached ***** piety under Okawaru
  8039 | D:10     | Entered Level 10 of the Dungeon
  8099 | D:10     | Noticed Iqifuzag's ghost (novice OpTm)
  8105 | D:10     | Found a transporter.
  8113 | D:10     | Found a portal to a secret trove of treasure.
  8368 | D:10     | Found a staircase to the Lair.
  8401 | D:10     | Noticed a two-headed ogre
  8410 | D:10     | Killed a two-headed ogre
  8410 | D:10     | Received a gift from Okawaru
  8410 | D:10     | Reached XP level 11. HP: 91/92 MP: 10/10
  8433 | D:10     | Found a transporter.
  8540 | D:10     | Killed an unseen horror
  8614 | D:10     | Noticed Nergalle
  8626 | D:10     | Killed Nergalle
  9024 | D:10     | Found a staircase to the Orcish Mines.
  9238 | D:10     | Received a gift from Okawaru
  9564 | D:11     | Reached skill level 1 in Invocations
  9692 | D:11     | Received a gift from Okawaru
  9706 | D:11     | Got a distressingly furry scale mail {god gift}
  9888 | D:11     | Identified the +1 scale mail of New Discoveries {+Fly}
                  | (Okawaru gifted it to you on level 11 of the Dungeon)
 10550 | D:12     | Got an encrusted ring mail
 10551 | D:12     | Identified the +2 ring mail "Ninupihi" {MR+ Str-4 Dex+9}
                  | (You found it on level 12 of the Dungeon)
 10680 | D:12     | Noticed a two-headed ogre
 10697 | D:12     | Killed a two-headed ogre
 10697 | D:12     | Reached ****** piety under Okawaru
 10697 | D:12     | Reached XP level 12. HP: 80/103 MP: 11/11
 10705 | D:12     | Reached skill level 5 in Dodging
 11673 | Lair:1   | Entered Level 1 of the Lair of Beasts
 11759 | Lair:1   | Reached skill level 10 in Armour
 12480 | Lair:2   | Noticed Harold
 12501 | Lair:2   | Killed Harold
 12501 | Lair:2   | Reached skill level 15 in Shields
 12589 | Lair:2   | Noticed a seven-headed hydra
 12608 | Lair:2   | Killed a seven-headed hydra
 13454 | Lair:2   | Found a staircase to the Swamp.
 13528 | Lair:2   | Received a gift from Okawaru
 13586 | Lair:2   | Noticed a four-headed hydra
 13608 | Lair:2   | Killed a four-headed hydra
 13803 | Lair:2   | You fall into a shaft and drop 2 floors!
 13857 | Lair:3   | Noticed an eight-headed hydra
 13871 | Lair:3   | Killed an eight-headed hydra
 14181 | Lair:2   | Reached skill level 1 in Short Blades
 14228 | Lair:2   | Found the +8 whip "Snakebite" {curare, rPois}
 14473 | Orc:1    | Entered Level 1 of the Orcish Mines
 15251 | Orc:2    | Entered Level 2 of the Orcish Mines
 15267 | Orc:2    | Reached XP level 13. HP: 111/111 MP: 10/13
 16201 | Orc:2    | Found a staircase to the Elven Halls.
 16208 | Orc:2    | Found Zaffed's Assorted Antiques.
 16208 | Orc:2    | Found Cirr's Distillery.
 16210 | Orc:2    | Found Gepiac's Jewellery Boutique.
 16212 | Orc:2    | Found Kinis's Jewellery Shoppe.
 16606 | Orc:2    | Found Riwuvimo's General Store.
 16613 | Orc:2    | Bought a scroll of brand weapon for 320 gold pieces
 16613 | Orc:2    | Bought a scroll of fear for 56 gold pieces
 16992 | Orc:1    | Identified the cursed +1 robe of Divine Intervention
                  | {rElec}
 17008 | Orc:1    | Found Haemm's Magic Scroll Shoppe.
 17037 | Orc:1    | Bought a scroll of random uselessness for 13 gold pieces
 17228 | Orc:1    | Found a burning altar of Makhleb.
 17449 | D:13     | Received a gift from Okawaru
 17459 | D:13     | Got a twisted demon blade {god gift}
 17460 | D:13     | Identified the +1 demon blade of Kiewis {freeze, *Corrode
                  | Dex+2 SInv} (Okawaru gifted it to you on level 13 of the
                  | Dungeon)
 18218 | D:14     | Found a runed translucent gate.
 18221 | D:14     | Found a runed translucent gate.
 18223 | D:14     | Found a runed translucent gate.
 18248 | D:14     | Noticed Hoavos's ghost (journeyman FoFi)
 18250 | D:14     | Found an iron altar of Okawaru.
 18472 | D:5      | Killed BowlsofSteal's ghost
 18648 | D:9      | Reached skill level 10 in Fighting
 19269 | Lair:3   | Received a gift from Okawaru
 19269 | Lair:3   | Reached XP level 14. HP: 112/121 MP: 14/14
 19449 | Lair:3   | Noticed Sonja
 19455 | Lair:3   | Killed Sonja
 19582 | Lair:3   | Noticed Urug
 19592 | Lair:3   | Killed Urug
 20119 | Lair:4   | Noticed Nessos
 20134 | Lair:4   | Killed Nessos
 20225 | Lair:4   | You fall into a shaft and drop 2 floors!
 20225 | Lair:6   | Entered Level 6 of the Lair of Beasts
 21084 | Lair:5   | Found a runed translucent gate.
 21084 | Lair:5   | Found a runed translucent gate.
 21084 | Lair:5   | Found a runed translucent gate.
 21097 | Lair:5   | Found a viscous altar of Jiyva.
 21097 | Lair:5   | Noticed a0bad's ghost (journeyman MiFi)
 21205 | Lair:4   | Found a stormy altar of Qazlal.
 21353 | Lair:4   | Found a hole to the Spider Nest.
 22273 | D:14     | Found a gate to the Vaults.
 22284 | D:14     | Received a gift from Okawaru
 22548 | D:14     | Found a glowing golden altar of the Shining One.
 22600 | D:15     | Entered Level 15 of the Dungeon
 22805 | D:15     | Reached XP level 15. HP: 121/130 MP: 15/15
 22936 | D:15     | Found a staircase to the Depths.
 22960 | D:15     | Reached skill level 15 in Long Blades
 24465 | Lair:5   | Killed a0bad's ghost
 24508 | Lair:6   | Found a radiant altar of Vehumet.
 24722 | Lair:6   | Received a gift from Okawaru
 24754 | Lair:6   | Got a scorched large shield {god gift}
 24760 | Lair:6   | Identified the +5 large shield of Misanthropy {rCorr Str+4}
                  | (Okawaru gifted it to you on level 6 of the Lair of Beasts)
 25130 | Lair:6   | Found a runed translucent door.
 25130 | Lair:6   | Found a viscous altar of Jiyva.
 25130 | Lair:6   | Found a staircase to the Slime Pits.
 25130 | Lair:6   | Noticed an acid blob
 25192 | Lair:6   | Killed an acid blob
 25424 | Lair:6   | Got a flickering ivory ring
 25433 | Lair:6   | Identified the ring of the Princeling {+Inv +Fly rPois rF-
                  | MR+} (You found it on level 6 of the Lair of Beasts)
 25769 | Swamp:1  | Entered Level 1 of the Swamp
 26311 | Swamp:1  | Noticed a thorn hunter
 26319 | Swamp:1  | Killed a thorn hunter
 26681 | Swamp:1  | Received a gift from Okawaru
 26895 | Swamp:1  | Reached XP level 16. HP: 127/141 MP: 16/16
 27057 | Swamp:2  | Noticed a thorn hunter
 27069 | Swamp:2  | Killed a thorn hunter
 27218 | Swamp:2  | Found a frozen archway.
 27252 | IceCv    | Entered an ice cave
 29373 | Swamp:3  | Noticed Louise
 29383 | Swamp:3  | Killed Louise
 29383 | Swamp:3  | Reached skill level 1 in Evocations
 29488 | Swamp:3  | Noticed a tentacled monstrosity
 29502 | Swamp:3  | Killed a tentacled monstrosity
 29536 | Swamp:3  | Received a gift from Okawaru
 29808 | Swamp:3  | Got a smoking falchion {god gift}
 29809 | Swamp:3  | Identified the +6 falchion "Ragywn" {slice, rElec rC++
                  | Stlth+} (Okawaru gifted it to you on level 3 of the Swamp)
 29918 | Swamp:3  | Noticed a thorn hunter
 29924 | Swamp:3  | Noticed a thorn hunter
 30661 | Swamp:2  | Killed a thorn hunter
 30758 | Swamp:3  | Killed a thorn hunter
 31307 | Spider:1 | Entered Level 1 of the Spider Nest
 31756 | Spider:1 | Noticed Jorgrun
 31776 | Spider:1 | Killed Jorgrun
 31776 | Spider:1 | Received a gift from Okawaru
 31832 | Spider:1 | Got a steaming hand axe
 31833 | Spider:1 | Identified the +10 hand axe of Neser Pofef {chop, rC- rN+
                  | Int+4 Dex+4} (You found it on level 1 of the Spider Nest)
 31910 | Spider:1 | Noticed Frances
 31926 | Spider:1 | Killed Frances
 31931 | Spider:1 | Reached XP level 17. HP: 139/151 MP: 11/18
 31945 | Spider:1 | You fall into a shaft and drop 1 floor!
 32214 | Spider:2 | Paralysed by a hornet for 1 turns
 32449 | Spider:2 | You fall into a shaft and drop 1 floor!
 33498 | Spider:3 | Received a gift from Okawaru
 34185 | Spider:4 | Entered Level 4 of the Spider Nest
 34311 | Spider:4 | Noticed Bai Suzhen
 34340 | Spider:4 | Killed Bai Suzhen
 34833 | Swamp:4  | Entered Level 4 of the Swamp
 35110 | Swamp:4  | Identified Roxanne's Incunabulum of Transmutation
 35110 | Swamp:4  | Noticed Roxanne
 35128 | Swamp:4  | Killed Roxanne
 35935 | Swamp:4  | Received a gift from Okawaru
 35984 | Swamp:4  | Got a decaying rune of Zot
 36210 | Swamp:4  | Reached XP level 18. HP: 153/161 MP: 12/19
 37890 | Spider:4 | Received a gift from Okawaru
 38192 | Spider:4 | Got a gossamer rune of Zot
 38617 | D:14     | Reached skill level 15 in Fighting
 38634 | D:14     | Killed Hoavos's ghost
 38737 | Vaults:1 | Entered Level 1 of the Vaults
 39000 | Vaults:1 | Received a gift from Okawaru
 39608 | Vaults:1 | Reached skill level 15 in Armour
 39642 | Vaults:1 | Found Jiaket's Weapon Shop.
 40339 | Vaults:2 | Received a gift from Okawaru
 40713 | Vaults:2 | Reached XP level 19. HP: 100/170 MP: 21/21
 41197 | Vaults:2 | Got a steaming scale mail
 42052 | Orc:2    | Bought the ring of Darkness {+Blink rN+ SInv} for 531 gold
                  | pieces
 42054 | Orc:2    | Bought 2 potions of heal wounds for 130 gold pieces
 42076 | Elf:1    | Entered Level 1 of the Elven Halls
 42331 | Elf:1    | Received a gift from Okawaru
 42346 | Elf:1    | Got a slimy double sword {god gift}
 42347 | Elf:1    | Identified the +1 double sword of Bucsuv {slice, +Inv
                  | Str+3} (Okawaru gifted it to you on level 1 of the Elven
                  | Halls)
 42648 | Elf:1    | Got a transparent sapphire amulet
 42711 | Elf:1    | Noticed Agnes
 42724 | Elf:1    | Killed Agnes
 42726 | Elf:1    | Found Quanedoj's Book Emporium.
 43617 | Elf:2    | Noticed Nikola
 43628 | Elf:2    | Killed Nikola
 43628 | Elf:2    | Received a gift from Okawaru
 43630 | Elf:2    | Identified the amulet of Linuc {Harm *Drain rC+ Int+2} (You
                  | found it on level 1 of the Elven Halls)
 43631 | Elf:2    | Identified the +2 scale mail of Aghoiv {Str+5 Int+2} (You
                  | found it on level 2 of the Vaults)
 43818 | Elf:2    | Found a huge runed translucent gate.
 43818 | Elf:2    | Found a huge runed translucent gate.
 43818 | Elf:2    | Found a huge runed translucent gate.
 43819 | Elf:2    | Found a huge runed translucent gate.
 43819 | Elf:2    | Found a huge runed translucent gate.
 44123 | Elf:3    | Entered Level 3 of the Elven Halls
 44173 | Elf:3    | Found Ruhim's Book Emporium.
 44233 | Elf:3    | Found a magical portal.
 44237 | WizLab   | Entered Iskenderun's Mystic Tower
 45007 | WizLab   | Received a gift from Okawaru
 45524 | WizLab   | Identified Ulomogh's Tome of Lightness and Conjuration
 45524 | WizLab   | Identified Udin's Handbook of Aid and Ignition
 45542 | WizLab   | Identified Iskenderun's Grimoire of Conjuration
 45542 | WizLab   | Identified Iskenderun's Tome of Attacks
 45812 | Elf:3    | Found Lez Qagh's Jewellery Boutique.
 45812 | Elf:3    | Found Yrchole's Gadget Shoppe.
 45813 | Elf:3    | Found Nearr's Jewellery Boutique.
 45821 | Elf:3    | Bought a cursed amulet of inaccuracy for 36 gold pieces
 45821 | Elf:3    | Bought a cursed ring of teleportation for 81 gold pieces
 45965 | Elf:3    | Reached skill level 27 in Shields
 45977 | Elf:3    | Reached XP level 20. HP: 169/182 MP: 22/22
 45991 | Elf:3    | Received a gift from Okawaru
 47022 | Elf:2    | Cast into level 3 of the Abyss (a deep elf sorcerer)
 47056 | Abyss:3  | Found a corrupted altar of Lugonu.
 47087 | Elf:2    | Escaped the Abyss
 47534 | Elf:3    | HP: 8/184 [deep elf high priest/damnation (27)]
 48249 | Elf:3    | Identified the +0 leather armour of Spite {rCorr Dex+2}
 48319 | Elf:3    | Identified the +7 quarterstaff "Corotuidekk" {freeze, +Fly
                  | Int+5}
 48319 | Elf:3    | Identified the cursed +1 storm dragon scales of the
                  | Meadowlark {rElec Regen+ Str+3 Int+2}
 48593 | Elf:3    | Found the +2 ratskin cloak {+Rats rPois rN+ Str-1 Int-1
                  | Dex+1}
 48598 | Elf:3    | Identified Veics's Reference Book on Confrontation
 48654 | Elf:3    | Identified the Grimoire of Dusty Boosts
 48657 | Elf:3    | Found the +3 sling "Punk" {acid, rCorr}
 48714 | Elf:3    | Got a twisted scale mail
 48715 | Elf:3    | Identified the +4 scale mail of Sovereignty {Str+2} (You
                  | found it on level 3 of the Elven Halls)
 48900 | Elf:3    | Identified a +2 pair of boots of running (Okawaru gifted it
                  | to you on level 3 of the Elven Halls)
 50719 | Vaults:3 | Found a ruined gateway.
 50753 | Desolati | Entered the Desolation of Salt
 51336 | Desolati | Got a coiled copper ring
 51339 | Desolati | Identified the ring "Lokhu" {*Corrode +Fly rF+ MR++ Int+3}
                  | (You found it in the Desolation of Salt)
 51356 | Desolati | Identified the Tome of Blistering Air
 51624 | Desolati | Received a gift from Okawaru
 51662 | Desolati | Reached XP level 21. HP: 75/194 MP: 23/23
 51805 | Desolati | Identified the ring "Aciem" {Wiz +Blink rElec Int+3 Dex-4}
 51829 | Desolati | Got a scorched great sword {god gift}
 51830 | Desolati | Identified the +9 great sword of the Onslaught {flame, rN+
                  | Stlth+} (Okawaru gifted it to you in the Desolation of
                  | Salt)
 51892 | Desolati | Got a smoking trident
 51893 | Desolati | Identified the cursed +1 trident "Coischoul" {flame, Int+4}
                  | (You found it in the Desolation of Salt)
 52052 | Desolati | Got a heavily runed bone ring
 52054 | Desolati | Identified the ring of Sacebawys {rCorr Int+4} (You found
                  | it in the Desolation of Salt)
 52078 | Desolati | Identified the Disquisition on Doomed Poisoning
 52093 | Desolati | Got a shimmering robe
 52094 | Desolati | Identified the +1 robe of Makhleb's Displeasure {+Inv rF+
                  | MR+ Dex+3} (You found it in the Desolation of Salt)
 53113 | Vaults:3 | Reached skill level 5 in Invocations
 53212 | Vaults:3 | Found a staircase to the Crypt.
 53212 | Vaults:3 | Found a basalt altar of Yredelemnul.
 53213 | Vaults:3 | Found an ancient bone altar of Kikubaaqudgha.
 53928 | Vaults:4 | Received a gift from Okawaru
 55519 | Vaults:4 | Received a gift from Okawaru
 55685 | Vaults:4 | Found Ebel's Weapon Shop.
 55825 | Vaults:5 | Entered Level 5 of the Vaults
 55906 | Vaults:4 | Reached XP level 22. HP: 175/209 MP: 24/24
 56592 | Vaults:4 | Received a gift from Okawaru
 56602 | Vaults:4 | Got a shimmering double sword {god gift}
 56606 | Vaults:4 | Identified the +2 double sword of Desperation {flame, Str+2
                  | SInv} (Okawaru gifted it to you on level 4 of the Vaults)
 56894 | Vaults:5 | Noticed a golden dragon
 56894 | Vaults:5 | Noticed an ancient lich
 57403 | Vaults:4 | Killed an ancient lich
 57412 | Vaults:4 | Killed a golden dragon
 57418 | Vaults:5 | Noticed a golden dragon
 57433 | Vaults:4 | Received a gift from Okawaru
 57436 | Vaults:4 | Got a blackened long sword {god gift}
 57437 | Vaults:4 | Identified the +6 long sword of Ytzeupa {venom, Dex+8}
                  | (Okawaru gifted it to you on level 4 of the Vaults)
 57772 | Vaults:4 | Killed a golden dragon
 58901 | Vaults:4 | Received a gift from Okawaru
 59381 | Vaults:5 | Reached XP level 23. HP: 150/221 MP: 26/26
 59998 | Vaults:5 | Noticed an ancient lich
 60012 | Vaults:5 | Killed an ancient lich
 60025 | Vaults:5 | Noticed a caustic shrike
 60025 | Vaults:5 | an acid blob changed into a caustic shrike
 60034 | Vaults:5 | Killed a caustic shrike
 60181 | Vaults:5 | Found Yrapo's Book Shoppe.
 60192 | Vaults:5 | Got a silver rune of Zot
 60281 | Vaults:5 | Identified the +3 rapier of the Spectre {drain, +Blink
                  | Dex+4}
 60759 | Vaults:5 | Received a gift from Okawaru
 60762 | Vaults:5 | Got a crystal demon blade {god gift}
 60794 | Vaults:4 | Identified the +6 demon blade "Jyneel" {flame, *Rage rPois
                  | rN+++ MR-} (Okawaru gifted it to you on level 5 of the
                  | Vaults)
 61772 | Vaults:5 | Identified a scroll of acquirement
 62111 | Vaults:5 | Got a twitching glass ring
 62115 | Vaults:5 | Got a crude lead amulet
 62116 | Vaults:5 | Identified the amulet of Egraezimm {+Rage Str+3} (You found
                  | it on level 5 of the Vaults)
 62117 | Vaults:5 | Identified the ring "Qokig" {rPois MP+9 Str+3 SInv} (You
                  | found it on level 5 of the Vaults)
 62141 | Vaults:5 | Identified the Catalogue of Mutagenic Blows and Bruises
 62145 | Vaults:5 | Got a steaming great sword
 62146 | Vaults:5 | Identified the +8 great sword of Qaheaske {slice, +Inv rF+
                  | Dex+2} (You found it on level 5 of the Vaults)
 62554 | Vaults:5 | Found the +0 Maxwell's etheric cage {RegenMP+ *Contam rElec
                  | MP+4}
 62715 | Vaults:5 | Got a pair of translucent boots
 62728 | Vaults:5 | Identified the +1 pair of boots "Sumuf" {*Drain +Blink
                  | rF+++ Slay-2} (You acquired it on level 5 of the Vaults)
 63357 | Depths:1 | Entered Level 1 of the Depths
 63456 | Depths:1 | Received a gift from Okawaru
 64404 | Depths:1 | Found a one-way gate leading to the halls of Pandemonium.
 64543 | Depths:1 | Found a gateway to Hell.
 64608 | Depths:1 | Found a radiant altar of Vehumet.
 64610 | Depths:1 | Found a stormy altar of Qazlal.
 64610 | Depths:1 | Found a burning altar of Makhleb.
 64612 | Depths:1 | Found a sacrificial altar of Ru.
 64612 | Depths:1 | Found an opulent altar of Gozag.
 64612 | Depths:1 | Found a shimmering altar of Xom.
 64799 | Hell     | Entered the Vestibule of Hell
 64799 | Hell     | Noticed Geryon
 64811 | Hell     | Killed Geryon
 64823 | Hell     | Reached XP level 24. HP: 231/234 MP: 22/26
 65248 | D:10     | You paid a toll of the horn of Geryon to enter a treasure
                  | trove
 65249 | Trove    | Entered a treasure trove
 65276 | Trove    | Got a flickering pewter ring
 65277 | Trove    | Identified the ring of Harmony {*Tele rF+ Str+7} (You found
                  | it in a treasure trove)
 65968 | Depths:2 | Found a one-way gate to the infinite horrors of the Abyss.
 65969 | Depths:2 | Found a gateway to a ziggurat.
 66139 | Depths:2 | Identified the ring "Imiun" {-Tele rElec rPois rF+ Stlth+}
 66149 | Depths:2 | Received a gift from Okawaru
 66872 | Depths:2 | Identified the +11 broad axe of Linearity {elec, Dex+2}
 67404 | Depths:2 | Received a gift from Okawaru
 67447 | Depths:3 | Found Qiogeir's Book Shop.
 67953 | Depths:3 | Found a runed translucent gate.
 67954 | Depths:3 | Found a runed translucent gate.
 67955 | Depths:3 | Found a runed translucent gate.
 67956 | Depths:3 | Noticed Kiocad's ghost (veteran NaFi)
 67999 | Depths:3 | Found a runed translucent door.
 68605 | Depths:3 | Reached XP level 25. HP: 247/247 MP: 26/26
 68707 | Depths:3 | Identified Lehudib's Incunabulum of Clay
 68710 | Depths:3 | Identified the Guide on the Glacier
 68958 | Depths:4 | Received a gift from Okawaru
 68961 | Depths:4 | Got a pair of jewelled boots {god gift}
 68979 | Depths:4 | Identified the +0 pair of boots "Taog" {Int+3} (Okawaru
                  | gifted it to you on level 4 of the Depths)
 69056 | Depths:4 | Noticed a juggernaut
 69087 | Depths:4 | Killed a juggernaut
 69895 | Depths:4 | Got a warped chain mail
 69896 | Depths:4 | Identified the cursed +1 chain mail "Cuomynon" {rC+} (You
                  | found it on level 4 of the Depths)
 69913 | Depths:4 | Noticed Saint Roka
 69916 | Depths:4 | Noticed Boris
 69929 | Depths:4 | Killed Saint Roka
 69938 | Depths:4 | Killed Boris
 70542 | Depths:4 | Received a gift from Okawaru
 71531 | Depths:5 | Entered Level 5 of the Depths
 71920 | Depths:5 | Gained mutation: You are frail. (-10% HP) [a cacodemon]
 72465 | Depths:5 | Gained mutation: Your spells are a little easier to cast,
                  | but a little less powerful. [a cacodemon]
 72473 | Depths:5 | Gained mutation: Potions are less effective at restoring
                  | your health. [a cacodemon]
 72475 | Depths:4 | Gained mutation: You are occasionally teleported next to
                  | monsters. [a cacodemon]
 72690 | Depths:5 | Found a gate to the Realm of Zot.
 72847 | Depths:5 | Reached XP level 26. HP: 208/234 MP: 26/26
 72859 | Depths:5 | Paralysed by a floating eye for 2 turns
 73465 | Depths:3 | Received a gift from Okawaru
 73526 | Depths:3 | Got a dazzling whip
 73527 | Depths:3 | Identified the +3 whip "Fulua" {flame, *Corrode rPois rC++
                  | rN+} (You found it on level 3 of the Depths)
 74398 | Crypt:1  | Entered Level 1 of the Crypt
 75190 | Crypt:2  | Found a runed translucent gate.
 75190 | Crypt:2  | Found a runed translucent gate.
 75190 | Crypt:2  | Noticed yalue's ghost (adept MiFi)
 75191 | Crypt:2  | Found a runed translucent gate.
 75274 | Crypt:2  | Reached skill level 27 in Long Blades
 75898 | Crypt:3  | Entered Level 3 of the Crypt
 75954 | Crypt:3  | Received a gift from Okawaru
 76227 | Crypt:3  | Reached skill level 27 in Fighting
 76288 | Crypt:3  | Got a brightly glowing steel amulet
 76289 | Crypt:3  | Identified an amulet of Yendor {Faith Str+3 Int+5 SInv}
                  | (You acquired it on level 3 of the Crypt)
 76512 | Crypt:3  | Identified the Incunabulum of Black Magic
 77191 | Crypt:3  | Found a staircase to the Tomb.
 77193 | Crypt:3  | Noticed an ancient lich
 77205 | Crypt:3  | Killed an ancient lich
 77239 | Crypt:3  | Got a translucent scale mail
 77240 | Crypt:3  | Identified the +5 scale mail of the Garden {rN+ Str-2
                  | Int+5} (You found it on level 3 of the Crypt)
 77244 | Crypt:3  | Got an ichor-stained glaive
 77245 | Crypt:3  | Identified the +8 glaive of Eternal War {venom, *Rage +Inv
                  | MR+++ Dex+2} (You found it on level 3 of the Crypt)
 77255 | Crypt:3  | Noticed an ancient lich
 77271 | Crypt:3  | Killed an ancient lich
 77718 | Crypt:2  | Killed yalue's ghost
 78495 | Zot:1    | Entered Level 1 of the Realm of Zot
 78814 | Zot:1    | Killed from afar by a purple draconian scorcher

Levels and vault maps discovered:
D:1:      scummos_arrival_gate, layout_loops_corners,
          wad_floor_pattern_untrapped, minmay_pentomino_t2
D:2:      layout_loops_ring, trog_book
D:3:      layout_loops_corners, serial_bayou_crossing, uniq_jessica
D:4:      layout_cave_pools, first_ration, uniq_grinder, uniq_ijyb
D:5:      layout_gridville, old_standard_altar,
          chequers_temple_overflow_statue_of_worship,
          amethyst_overflow_temple_binary, serial_shops, shop_coins,
          gammafunk_ghost_stat_death, saegor_snake_ambush, uniq_duvessa,
          uniq_crazy_yiuf_cottage
D:6:      layout_loops_ring
D:7:      layout_basic, kennysheep_little_box, minmay_temple_entry_wispy,
          uniq_menkaure, uniq_joseph
D:8:      layout_rooms, xom_butterflies, tso_oasis_becter, uniq_pikel
D:9:      minmay_the_grid_plus_closed [minmay_the_grid_minigrid_medium,
          minmay_the_grid_dragon_b, minmay_the_grid_square_x,
          minmay_the_grid_diamond_grid, minmay_the_grid_prize_four_corners],
          layout_loops_ring, hangedman_fish_farm, minivault_25, minmay_radiant
D:10:     layout_basic, dpeg_oklobed_lair, hiddenorc1_lemuel, enter_trove_2,
          gammafunk_ghost_stat_death, minmay_fractal_squares_gapless_5,
          uniq_nergalle
D:11:     layout_cave_pods
D:12:     layout_basic
D:13:     layout_loops_cross, st_stairs_13
D:14:     layout_big_octagon, gammafunk_ghost_fury_of_okawaru,
          lemuel_altar_in_water
D:15:     grunt_enter_depths_snipers, layout_basic,
          hangedman_decor_clover_reticule
Lair:1:   layout_gridlike, cheibrodos_lair_reptile_den
Lair:2:   minmay_guarded_unrand_snakebite, layout_gridlike,
          skrybe_swamp_entry_bodies, minmay_hedge_maze, serial_bayou_shore_b,
          uniq_harold
Lair:3:   layout_cave_pods, minmay_shattered_shrine, uniq_sonja, uniq_urug
Lair:4:   layout_roguey, nicolae_spider_entry_non_spiders, lemuel_oklob_altar,
          infiniplex_staircase_pool_2, uniq_nessos
Lair:5:   layout_gridlike, gammafunk_ghost_ooze
Lair:6:   minmay_lair_end_enchanted_forest, layout_gridlike, slime_altar_2,
          basic_altar, lemuel_fruit_tree, serial_bayou_shore_b,
          grunt_megastairs_2
Swamp:1:  layout_falls_marsh, evilmike_swamp_ruin_house_2, swamp_pool1
Swamp:2:  layout_basic_swamp, portal_ice_cave_entry_ice_statue_two,
          evilmike_swamp_ruin_house_3, swamp_pool2
Swamp:3:  layout_falls_marsh, infiniplex_staircase_pool, uniq_louise
Swamp:4:  swamp_basic_johnstein, layout_basic_swamp, swamp_pool4,
          nicolae_swamp_triple_paths, uniq_roxanne
Spider:1: layout_spider_delve, guppyfry_hornet_nest, uniq_jorgrun, uniq_frances
Spider:2: layout_spider_delve
Spider:3: layout_spider_delve
Spider:4: spider_rune_water, nicolae_spider_webs_and_nodes, uniq_bai_suzhen
Orc:1:    layout_caves, serial_shops, nicolae_shop_statue_plus, bloody_makhleb
Orc:2:    st_orc_rangers, layout_caves, serial_shops, shop
Elf:1:    eino_elf_arrival_the_gate, layout_geoelf_diagonals, serial_shops,
          nicolae_shop_trees, hangedman_elf_disciples, uniq_agnes
Elf:2:    layout_onion_city, kilobyte_rumbling_trees, uniq_nikola
Elf:3:    minmay_elf_hall_quartered_circle, layout_onion_city,
          mu_enter_wizlab_7, serial_shops, shop, corner_web_ring,
          columned_hall_lemuel, minmay_shop_grove
Vaults:1: v_rooms_6, hangedman_vaults_stretched_pinwheel,
          hangedman_vaults_snaps, ontoclasm_vaults_ring_square,
          hangedman_vaults_stagger, vaults_dpeg_diagonal, nicolae_vaults_theta,
          hangedman_vaults_pinch, v_misc_23, vaults_room_fours,
          ontoclasm_vaults_shuriken, layout_vaults_maze_snakey, serial_shops,
          shop
Vaults:2: v_alt_pattern_4, v_misc_2, dpeg_vaults_monster_row,
          nicolae_vaults_little_ls, hangedman_vaults_corner_blocks, v_misc_19,
          vaults_room_corners, layout_vaults_chaotic_city
Vaults:3: st_cross, ontoclasm_vaults_gateway, vaults_room_stairs_pillars,
          vaults_standard_mumra_lines, v_misc_16,
          nicolae_vaults_big_angled_halls, vaults_mumra_minichess,
          grunt_vaults_trifunnel, vaults_standard_mumra_enter_the_diamond,
          vaults_dpeg_cross, v_misc_15, minmay_crypt_entry_necro_gods,
          dpeg_vaults_monster_box, layout_vaults_ring,
          portal_desolation_entry_salt
Vaults:4: v_misc_14, v_misc_3, v_misc_17, v_misc_31, v_pattern_5,
          nicolae_vaults_big_angled_halls, vaults_room_stairs_pillars, v_misc_5,
          v_misc_15, v_alt_pattern_3, ontoclasm_vaults_ring_large,
          vaults_dpeg_ring, vaults_room_stairs_pillars,
          vaults_room_stairs_pillars, hangedman_vaults_hat,
          nicolae_vaults_gold_heap, layout_vaults_omnibox, serial_shops,
          nicolae_shop_statue_plus
Vaults:5: serial_shops
Crypt:1:  layout_regular_city
Crypt:2:  layout_gridlike, gammafunk_ghost_split
Crypt:3:  quadcrypt_mu
Depths:1: minmay_bad_star, layout_cave_pools, minmay_misc_feat_hallway,
          rand_demon_pan_entry_4, hell_entry, doesnt_xom_only_xom
Depths:2: hangedman_pleasuredromes, serial_shops, hell_entry, abyss_entry
Depths:3: mu_elemental_laboratory, layout_basic, gammafunk_ghost_tricky_traps,
          grunt_pan_entry_in_and_out, serial_shops, shop,
          grunt_hell_entry_dis_mu, minmay_crystal_box
Depths:4: grunt_deathspiral_large, layout_basic, moated_statue, hell_entry,
          abyss_entry, kennysheep_four_rooms, uniq_boris, uniq_saint_roka
Depths:5: evilmike_zot_entry_basic, layout_cave_shapes, rand_demon_pan_entry_1,
          abyss_entry, hell_entry, grunt_decor_fettered, st_stairs_10,
          minmay_liquid_box, onia_ninara_cookie
Hell
Zot:1:    kennysheep_oblong_rooms, layout_misc_corridors, zot_minivault_6

Skill      XL: |  1  2  3  4  5  6  7  8  9 10 11 12 13 14 15 16 17 18 19 20 21 22 23 24 25 26 |
---------------+-------------------------------------------------------------------------------+-----
Fighting       | 4 5 6 7 8 9 10 11 12 13 14 15 16 18 19 21 22 24 26 27 | 27.0
Armour         | 4 5 7 8 9 11 12 13 14 15 17 18 19 20 21 24 | 24.1
Long Blades    | 3 4 5 6 8 9 11 12 14 15 16 17 18 19 21 22 23 25 26 27 | 27.0
Shields        | 4 5 6 8 10 12 14 16 18 19 21 22 24 25 27 | 27.0
Dodging        | 1 2 3 4 5 6 7 8 |  8.5
Stealth        | 2 3 4 |  4.0
Invocations    | 1 2 3 4 5 6 7 |  7.2
Short Blades   | 1 |  1.9
Evocations     | 1 2 |  2.7

Action                   |  1- 3 |  4- 6 |  7- 9 | 10-12 | 13-15 | 16-18 | 19-21 | 22-24 | 25-27 || total
-------------------------+-------+-------+-------+-------+-------+-------+-------+-------+-------++-------
Melee: Long sword        |    84 |    89 |   298 |       |    15 |       |       |       |       ||   486
       Headbutt          |    15 |    26 |    88 |   268 |   514 |   737 |   526 |   471 |   478 ||  3123
       Falchion          |       |       |   118 |   993 |   287 |  1431 |   183 |       |       ||  3012
       Dagger            |       |       |       |    36 |    43 |       |       |       |       ||    79
       Demon blade       |       |       |       |       |  1242 |   440 |       |       |   609 ||  2291
       Scimitar          |       |       |       |       |    35 |   153 |       |       |       ||   188
       Double sword      |       |       |       |       |       |       |  1453 |  1336 |   696 ||  3485
Invok: Heroism           |       |       |     2 |    11 |    17 |    13 |    11 |    12 |     6 ||    72
       Finesse           |       |       |       |       |     3 |     6 |     1 |     3 |     2 ||    15
 Abil: Evoke Flight      |       |       |       |       |       |       |       |     1 |     3 ||     4
Evoke: Wand              |       |     1 |     1 |       |     4 |     4 |    11 |     1 |       ||    22
  Use: Potion            |     5 |       |       |     1 |     1 |     3 |     3 |     6 |     7 ||    26
       Scroll            |     2 |     2 |     6 |    10 |     3 |    10 |    27 |    18 |    12 ||    90
 Stab: Paralysed         |       |     4 |     2 |       |     7 |       |       |       |       ||    13
  Eat: Chunk             |     2 |     4 |    13 |    22 |    36 |    29 |    38 |    32 |    16 ||   192
       Ration            |       |       |       |     2 |     1 |     5 |     3 |     2 |     5 ||    18
Armor: Scale mail        |    59 |    25 |    51 |       |       |       |       |       |       ||   135
       Chain mail        |       |       |    25 |   101 |       |       |       |       |       ||   126
       Plate armour      |       |       |       |   162 |   314 |   512 |    68 |       |       ||  1056
       Storm dragon scal |       |       |       |       |       |       |    42 |       |       ||    42
       Gold dragon scale |       |       |       |       |       |       |    96 |   513 |   391 ||  1000
Dodge: Dodged            |    17 |    13 |    73 |   179 |   255 |   441 |   180 |   306 |   245 ||  1709
Block: Shield            |    23 |       |       |       |   830 |       |       |       |       ||   853
       Large shield      |    53 |    90 |   381 |  1238 |  1033 |  3010 |  1964 |  2178 |  1815 || 11762
       Reflection        |       |       |       |    37 |   178 |    63 |   137 |   156 |    64 ||   635
       Rpst.: Long sword |     3 |     4 |    10 |       |       |       |       |       |       ||    17
       Falchion          |       |       |     6 |    45 |     3 |    53 |     4 |       |       ||   111
       Demon blade       |       |       |       |       |    41 |    10 |       |       |    14 ||    65
       Scimitar          |       |       |       |       |     1 |     3 |       |       |       ||     4
       Double sword      |       |       |       |       |       |       |    24 |    49 |    14 ||    87
